 Dungeon Crawl Stone Soup version 0.29.1 (webtiles) character file.

Game seed: 9917481574303648164

114 Icepheonix32 the Covered (level 4, 0/41 HPs)
             Began as a Minotaur Fighter on Sept 14, 2022.
             Slain by Robin
             ... wielding a +0 mace
              (7 damage)
             ... on level 3 of the Dungeon.
             The game lasted 00:02:54 (2022 turns).

Icepheonix32 the Covered (Minotaur Fighter)         Turns: 2022, Time: 00:02:55

Health: 0/41       AC:  8    Str: 22    XL:     4   Next: 67%
Magic:  3/3        EV:  9    Int:  5    God:
Gold:   170        SH:  4    Dex: 10    Spells: 3/3 levels left

rFire   . . .      SeeInvis .   a - +0 war axe
rCold   . . .      Faith    .   c - +0 buckler
rNeg    . . .      Spirit   .   b - +0 scale mail
rPois   .          Reflect  .   (helmet restricted)
rElec   .          Harm     .   h - +0 cloak
rCorr   .          Rampage  .   (no gloves)
Will    .....                   (no boots)
Stlth   ..........              (no amulet)
HPRegen 0.13/turn               (no ring)
MPRegen 0.08/turn               (no ring)

@: no status effects
A: horns 2, retaliatory headbutt
a: no special abilities


You were on level 3 of the Dungeon.
You visited 1 branch of the dungeon, and saw 3 of its levels.

You collected 170 gold pieces.

Inventory:

Hand Weapons
 a - a +0 war axe (weapon)
Armour
 b - a +0 scale mail (worn)
 c - a +0 buckler (worn)
 g - a +0 chain mail
 h - a +0 cloak (worn)
Scrolls
 e - 2 scrolls of identify {unknown}
 i - a scroll of silence {unknown}
 k - 2 scrolls of blinking {unknown}
 l - a scroll of magic mapping {unknown}
 n - a scroll of immolation {unknown}
Potions
 d - 2 potions of might
 f - a potion of flight {unknown}
 j - a potion of resistance {unknown}
 m - a potion of curing {unknown}
 o - a potion of invisibility {unknown}


   Skills:
 + Level 4.3 Fighting
 + Level 3.9 Axes
 + Level 4.6 Armour
 + Level 0.9 Dodging
 + Level 0.3 Stealth
 + Level 4.1 Shields


You had 3 spell levels left.
You didn't know any spells.
Your spell library contained the following spells:

 Spells                   Type           Power      Damage    Failure   Level
 Freeze                   Ice            0%         1d3       87%         1
 Ensorcelled Hibernation  Hex/Ice        0%         N/A       95%         2
 Confusing Touch          Hex            0%         N/A       99%         3
 Spider Form              Tmut/Pois      0%         N/A       99%         3
 Anguish                  Hex/Necr       0%         N/A       100%        4
 Hailstorm                Conj/Ice       0%         3d3       100%        4
 Fireball                 Conj/Fire      0%         3d3       100%        5
 Yara's Violent Unravell  Hex/Tmut       0%         3d3       100%        5
 Enfeeble                 Hex            0%         N/A       100%        7
 Chain Lightning          Conj/Air       0%         N/A       100%        9


Dungeon Overview and Level Annotations

Branches:
Dungeon (3/15)

Altars:

Annotations:
D:3 Robin


Innate Abilities, Weirdness & Mutations

You have a pair of horns on your head.
You reflexively headbutt those who attack you in melee.


Message History

You barely miss the hobgoblin. You headbutt the hobgoblin.
The hobgoblin is almost dead.
The hobgoblin hits you but does no damage.
Robin roars a battlecry!
The goblins go into a battle-frenzy!
You slash the hobgoblin!
You kill the hobgoblin!
Robin throws the goblin at you!
Unknown command.
You barely miss the goblin. You hit the goblin.
The goblin hits you but does no damage. The goblin hits you with a +0 club.
The goblin misses you. The goblin barely misses you. You furiously retaliate!
You headbutt the goblin. You slash the goblin!
You kill the goblin!
You miss the goblin. The goblin closely misses you.
Robin throws the goblin at you!
You slash the goblin!
You kill the goblin!
You closely miss the goblin. You block the goblin's attack.
Robin says, "A pitiful Minotaur like you will never find the ORB!"
The goblin barely misses you.
You hit the goblin but do no damage.
The goblin is heavily wounded.
The goblin closely misses you.
Robin zaps a wand.
The bolt of dispelling energy hits the goblin!!
The goblin dies!
The bolt of dispelling energy hits you! The hobgoblin hits you.
Robin hits you but does no damage.
Items here: )) †††.
You hit the hobgoblin.
You kill the hobgoblin!
You hit Robin but do no damage.
Robin zaps a wand.
The bolt of dispelling energy hits you!
* * * LOW HITPOINT WARNING * * *
A giant cockroach comes into view.
You hit Robin but do no damage.
Robin says, "Duck!"
Robin closely misses you. Robin hits you with a +0 mace!
You die...

..................
#...............
##......###..###
## #.....##.####.#
.. ##....#...# ...
.. #...©#.# .#..
####. #...##.#
$(^..
......######.)##
..## .##
#...).@.##..## .#
#.#####g.))..## ##
#..#....#
#..............
#.##B.#........ ..
....#....####
............## .
#.#.###...# #...
#...##


You could see Robin and a giant cockroach.

Vanquished Creatures
  Jessica (D:2)
  3 adders
  A worm (D:2)
  A dart slug (D:1)
  An orc (D:3)
  5 ball pythons
  5 bats
  2 endoplasms
  9 hobgoblins
  2 quokkas
  2 frilled lizards
  11 goblins
  4 kobolds
  3 rats
50 creatures vanquished.

Vanquished Creatures (others)
  A goblin (D:3)
1 creature vanquished.

Grand Total: 51 creatures vanquished

Notes
Turn   | Place    | Note
-------+----------+-------------------------------------------
     0 | D:1      | Icepheonix32 the Minotaur Fighter began the quest for the
                  | Orb.
     0 | D:1      | Reached XP level 1. HP: 19/19 MP: 0/0
   436 | D:1      | Reached XP level 2. HP: 23/27 MP: 1/1
  1143 | D:2      | Reached XP level 3. HP: 22/33 MP: 2/2
  1280 | D:2      | Got the Disquisition on Injurious Hoarfrost
  1372 | D:2      | Found a faded altar of an unknown god.
  1718 | D:2      | Noticed Jessica
  1728 | D:2      | Killed Jessica
  1729 | D:2      | Reached XP level 4. HP: 40/40 MP: 3/3
  2004 | D:3      | Noticed Robin
  2022 | D:3      | Slain by Robin

Illustrated notes

Levels and vault maps discovered:
D:1:      dpeg_arrival_simpleton_a, layout_loops_corners
D:2:      layout_loops_ring, ebering_ecumenical_altar_hall, uniq_jessica
D:3:      layout_loops_cross, lemuel_crystal_altar,
          gammafunk_ghost_abyssal_escape, minmay_diced_spiral, uniq_robin,
          uniq_ijyb

Skill      XL: |  1  2  3 |
---------------+----------+-----
Fighting       | 4 |  4.3
Armour         | 4 |  4.6
Axes           | 3 |  3.9
Shields        | 4 |  4.1
Dodging        | |  0.9
Stealth        | |  0.3

Action                   |  1- 3 |  4- 6 || total
-------------------------+-------+-------++-------
Melee: War axe           |    62 |    25 ||    87
       Headbutt          |    12 |     3 ||    15
Armor: Scale mail        |    26 |    23 ||    49
Dodge: Dodged            |    38 |    23 ||    61
Block: Buckler           |    16 |     8 ||    24
